 Dungeon Crawl Stone Soup version 0.21-a0-150-gc243083 (webtiles) character file.

674735 Lunath the Impregnable (level 27, -5/176 HPs)
             Began as a Gargoyle Gladiator on July 28, 2017.
             Was an Initiate of Gozag.
             Killed from afar by a starcursed mass (19 damage)
             ... with an accursed screaming
             ... on level 3 of the Abyss.
             The game lasted 03:01:27 (63488 turns).

Lunath the Impregnable (Gargoyle Gladiator)        Turns: 63488, Time: 03:01:27

Health: -5/176     AC: 64    Str: 33    XL:     27
Magic:  38/38      EV: 36    Int: 24    God:    Gozag
Gold:   6229       SH:  3    Dex: 32    Spells: 25/26 levels left

rFire    + + .     SeeInvis +   P - +9 lajatang (vamp)
rCold    + + .     Gourm    .   (shield currently unavailable)
rNeg     + . .     Faith    .   y - +10 plate armour {rF+}
rPois    ∞         Spirit   .   f - +1 helmet {SInv}
rElec    +         Reflect  +   L - +2 cloak "Daot" {rC+ Str+3 Int+3 Dex+3}
rCorr    .         Harm     .   t - +0 pair of gloves
MR       ++...                  D - +2 pair of boots {Stlth+}
Stlth    ..........             M - amulet "Pipugota" {Reflect rC+ Int+4 SH+3}
HPRegen  0.39/turn              T - ring "Diduneeh" {*Drain +Inv MP+9 Str+8 Slay+6}
MPRegen  0.26/turn              I - ring of Serendipity {rF+ Int+5 Dex+6}

@: mighty, agile, gold aura, berserk cooldown, flying, slowed, very slow
A: big wings, fangs 1, icy blue scales 2, [blurry vision 2], deformed body,
[deterioration 2], frail 1, low mp 1, negative energy resistance 1, electricity
resistance, [weak 2], unbreathing, petrification resistance, rot immunity,
[subdued magic 2], AC +20
}: 4/15 runes: decaying, serpentine, slimy, silver
a: Stop Flying, Potion Petition, Call Merchant, Bribe Branch, Renounce Religion,
Evoke Invisibility


You were on level 3 of the Abyss.
You worshipped Gozag.
Gozag was greatly pleased with you.
You were hungry.

You visited 10 branches of the dungeon, and saw 53 of its levels.
You visited the Abyss 3 times.

You collected 34406 gold pieces.
You spent 2653 gold pieces at shops.
You paid 25524 gold pieces to Gozag.

Inventory:

Hand Weapons
 P - a +9 vampiric lajatang (weapon)
 X - a +6 lajatang of electrocution
Armour
 f - a +1 helmet of see invisible (worn)
 t - a +0 pair of gloves (worn)
 y - a +10 plate armour of fire resistance (worn)
 D - a +2 pair of boots of stealth (worn)
 L - the +2 cloak "Daot" (worn) {rC+ Str+3 Int+3 Dex+3}
   (You bought it in a shop on level 1 of the Depths)

   It affects your strength (+3).
   It affects your intelligence (+3).
   It affects your dexterity (+3).
   It protects you from cold.
Jewellery
 I - the ring of Serendipity (right hand) {rF+ Int+5 Dex+6}
   (You found it on level 3 of the Depths)

   [ring of dexterity]

   It affects your intelligence (+5).
   It affects your dexterity (+6).
   It protects you from fire.
 M - the amulet "Pipugota" (around neck) {Reflect rC+ Int+4 SH+3}
   (You found it on level 5 of the Depths)

   [amulet of reflection]

   It shields you and reflects attacks.
   It affects your intelligence (+4).
   It protects you from cold.
   It affects your SH (+3).
 T - the ring "Diduneeh" (left hand) {*Drain +Inv MP+9 Str+8 Slay+6}
   (You found it on level 1 of the Swamp)

   [ring of magical power]

   It affects your strength (+8).
   It affects your accuracy and damage with ranged weapons and melee attacks
   (+6).
   It affects your magic capacity (+9).
   It lets you turn invisible.
   It causes draining when unequipped.
Wands
 a - a wand of lightning (6/15)
 c - a wand of lightning (10/15)
 d - a wand of iceblast (5/15)
 x - a wand of disintegration (15/24)
 A - a wand of acid (2/15)
Scrolls
 h - a scroll of summoning
 m - 6 scrolls of fear
 n - 23 scrolls of remove curse
 o - 12 scrolls of magic mapping
 p - 12 scrolls of recharging
 u - 8 scrolls of fog
 v - 14 scrolls of teleportation
 F - 6 scrolls of blinking
 H - 6 scrolls of identify
Potions
 b - 3 potions of resistance
 e - 27 potions of curing
 w - 4 potions of haste
 z - 5 potions of might
 B - 4 potions of magic
 E - 10 potions of agility
 O - a potion of invisibility
 Q - 2 potions of ambrosia
 V - a potion of berserk rage
 Y - 2 potions of heal wounds
Miscellaneous
 g - a lightning rod (4/4)
Comestibles
 j - 21 meat rations
 r - 18 royal jellies
 C - 28 fruits


   Skills:
 + Level 26.0 Fighting
 - Level 14.3 Staves
 - Level 1.7 Throwing
 + Level 26.8 Armour
 + Level 21.2 Dodging
 - Level 8.2 Conjurations
 - Level 7.5 Fire Magic
 - Level 13.3 Evocations


You had 25 spell levels left.
You knew the following spells:

 Your Spells              Type           Power        Failure   Level  Hunger
a - Flame Tongue          Conj/Fire      ###..        1%          1    ##.....


Dungeon Overview and Level Annotations

Branches:
Dungeon (15/15)            Temple (0/1) D:6            Lair (6/6) D:11
  Swamp (4/4) Lair:2        Snake (4/4) Lair:2        Slime (5/5) Lair:6
    Orc (2/2) D:11            Elf (2/3) Orc:2        Vaults (5/5) D:14
  Crypt (0/3) Vaults:3     Depths (5/5) D:15            Zot (5/5) Depths:5

Altars:
Ashenzari
Elyvilon
Fedhas
Gozag
Hepliaklqana
Kikubaaqudgha
Makhleb
Ru
Trog
Xom
Beogh
Jiyva

Shops:
D:6 (   D:7 }   D:11 (   Orc:2 [[}!   Elf:1 [   Snake:1 %   Vaults:1 ?
Vaults:2 *   Depths:1 [[   Depths:5 =}=

Portals:
Hell: Depths:1 Depths:2 Depths:3 Depths:4 Depths:5
Abyss: Depths:3 Depths:4
Pandemonium: Depths:2 Depths:3
Ziggurat: Depths:4
Trove: Depths:1 (give horn of Geryon)

Annotations:
Lair:3 exclusion: 4 oklob plants


Innate Abilities, Weirdness & Mutations

You are resistant to torment.
Your stone body is resilient. (AC +20)
You are immune to poison.
Your large and strong wings let you fly indefinitely.
You resist negative energy. (rN+)
You are resistant to electric shocks. (rElec)
You can survive without breathing.
You are immune to petrification.
You are immune to rotting.
You have very sharp teeth.
You are mostly covered in icy blue scales. (AC +3)
Armour fits poorly on your strangely shaped body.
You are frail. (-10% HP)
Your magical capacity is low. (-10% MP)
[Scrolls take you longer to read.]
[Your body often deteriorates upon taking damage.]
[You are very weak. (Str -4)]
[Your spells are easier to cast, but less powerful.]


Message History

The smoke demon is no longer distracted by gold.
You swing at nothing.
The starcursed mass is no longer distracted by gold.
The elephant is no longer distracted by gold.
A deafening chorus of shrieks assaults your mind!
* * * LOW HITPOINT WARNING * * *
The smoke demon is distracted by the nearby gold.
The large abomination is distracted by the nearby gold.
The crimson imp is distracted by the nearby gold.
The Hell Sentinel is distracted by the nearby gold.
You swing at nothing.
The thrashing horror is no longer distracted by gold.
The death knight's dark mirror aura disappears.
The death knight is no longer distracted by gold.
The starcursed mass is no longer distracted by gold.
The thrashing horror is distracted by the nearby gold.
A starcursed mass splits.
A cacophony of accursed wailing tears at your sanity!
You die...
Your body crumbles into a pile of gold.

.#$.$.# ## ....
#$# .#.$ ##....
.. > ≈$#$♣##.$$#
.. #.$≈.#$$$.....
#? #1≈$>$$$#.$ .
##.1.x#.# # . .#
#$X(#( .# # . #..
###1###X$.#.. # #
.
.#@≈XX4Xx3.......
###X♣XpX5X.. ..
#.#X#####X.. ...
..# ≈.# ... ##
.##..≈$# . .....
. .#.##≈X .... #
## ..( ... (..
.(#. . ...##
)#.#.#


You could see 8 starcursed masses, a Hell Sentinel (unaware), a death knight, 2
thrashing horrors, a large abomination (unaware), a smoke demon (unaware), a
chaos spawn, 2 small abominations and a crimson imp (unaware).

Vanquished Creatures
  the Royal Jelly (Slime:5)
  An ancient lich (Zot:5)
  An orb of fire (Zot:2)
  2 juggernauts
  Sojobo (Depths:4)
  Frederick (Depths:3)
  2 Killer Klowns (Zot:5)
  Saint Roka (Vaults:4)
  the Lernaean hydra (Swamp:3)
  4 caustic shrikes
  A curse toe (Zot:2)
  10 golden dragons
  A profane servitor (Abyss:3)
  An electric golem (Zot:5)
  8 Orb Guardians (Zot:5)
  A hellephant (Abyss:4)
  Asterion (Vaults:1)
  7 tentacled monstrosities
  5 quicksilver dragons
  10 liches
  5 titans
  4 death cobs (Zot:5)
  An Executioner (Abyss:2)
  32 acid blobs
  6 sphinxes
  An eldritch tentacle (Abyss:4)
  14 tentacled starspawn
  5 thorn hunters
  Gastronok (D:11)
  11 tengu reavers
  An ancient champion (Vaults:3)
  Kirke (Swamp:1)
  Agnes (Snake:3)
  7 nagarajas
  10 storm dragons
  5 shadow dragons
  26 azure jellies
  3 iron dragons
  7 frost giants
  11 vault wardens
  13 fire giants
  3 deep elf sorcerers
  A ghost moth (Zot:5)
  8 draconian scorchers
  A cacodemon (Abyss:5)
  2 draconian knights
  A balrug (Depths:5)
  A deep elf elementalist (Vaults:5)
  A ghoul (Vaults:2)
  3 spriggan defenders (Depths:3)
  20 stone giants
  A war gargoyle (Vaults:5)
  12 ironheart preservers
  5 draconian annihilators
  2 deep elf demonologists
  An ophan (Abyss:5)
  25 very ugly things
  2 vampire knights (Depths:3)
  2 yellow draconians
  An entropy weaver (Vaults:5)
  2 deep elf annihilators
  4 black draconians
  A lorocyproca (Abyss:5)
  A dire elephant (Abyss:4)
  8 green draconians
  6 white draconians
  8 red draconians
  5 purple draconians
  2 deep elf death magi (Vaults:5)
  6 spark wasps
  11 ettins
  Snorg (D:11)
  A blizzard demon (Depths:2)
  9 death oozes
  A fire dragon (shapeshifter) (Vaults:5)
  10 ogre magi
  2 crystal guardians
  7 fire dragons
  16 great orbs of eyes
  Erolcha (D:11)
  2 jiangshi (Depths:2)
  33 vault guards
  A merfolk impaler (Depths:2)
  18 yaktaur captains
  13 rakshasas
  Harold (D:10)
  A deep elf high priest (Vaults:5)
  9 naga warriors
  15 hydras
  11 ice dragons
  12 centaur warriors
  4 spriggan air magi
  A death knight (Vaults:2)
  Erica (D:9)
  A satyr (Abyss:4)
  3 tengu warriors
  8 deep troll shamans
  2 death yaks (D:15)
  5 anacondas
  27 two-headed ogres
  A catoblepas (Lair:6)
  16 thrashing horrors
  7 hell hogs (Abyss:3)
  3 deep troll earth magi
  5 alligators
  11 spriggan berserkers
  5 orc high priests (Orc:2)
  7 naga sharpshooters
  4 sun demons
  Sonja (D:10)
  4 shock serpents
  A soul eater (Abyss:5)
  3 vampire magi
  5 deep elf knights
  A salamander mystic (Depths:4)
  10 wretched stars
  3 sixfirhies (Abyss:5)
  15 hell knights
  3 spatial maelstroms
  A spark wasp zombie (Depths:1)
  3 iron trolls (Depths:2)
  6 skeletal warriors
  3 shadow wraiths
  3 spriggan druids
  5 flayed ghosts
  3 unseen horrors (shapeshifter)
  A shambling mangrove (Swamp:2)
  A deep troll (shapeshifter) (Vaults:2)
  39 deep trolls
  10 unseen horrors
  8 wizards
  4 shadow demons
  6 naga ritualists
  9 swamp dragons
  7 glowing orange brains
  3 phantasmal warriors
  6 deep elf archers
  A sphinx zombie (Depths:3)
  4 harpies (Vaults:1)
  19 ironbrand convokers
  5 mana vipers
  25 orc knights
  12 necromancers
  6 shining eyes
  60 ugly things
  2 human zombies (Vaults:4)
  5 orc sorcerers
  A tengu skeleton (Depths:3)
  5 wolf spiders
  8 worldbinders
  7 cyclopes
  8 salamanders
  32 deep elf magi
  A manticore (D:13)
  11 moths of wrath
  A salamander (shapeshifter) (Depths:1)
  31 black mambas
  A frost giant skeleton (Depths:1)
  A black mamba (shapeshifter) (Depths:3)
  Maurice (D:8)
  3 eyes of devastation
  An elephant (shapeshifter) (Vaults:4)
  Joseph (D:8)
  An orange demon (Abyss:3)
  A torpor snail (Lair:4)
  2 water nymphs (Abyss:4)
  A fire giant skeleton (Vaults:4)
  8 apocalypse crabs
  6 vault sentinels
  3 guardian serpents
  9 elephants
  18 spiny frogs
  3 gargoyles (D:15)
  13 smoke demons
  11 naga magi
  A redback zombie (D:15)
  A titan simulacrum (Depths:3)
  2 hellions
  8 komodo dragons
  5 tengu conjurers
  10 rime drakes
  4 efreet
  6 hellwings
  52 yaktaurs
  4 freezing wraiths
  3 ice devils
  A queen bee (shapeshifter) (Depths:3)
  7 ancient zymes
  A polar bear (shapeshifter) (Vaults:1)
  2 trolls (shapeshifter)
  2 jumping spiders (shapeshifter)
  4 polar bears
  A jumping spider (Vaults:5)
  6 trolls
  15 tyrant leeches
  A wind drake (shapeshifter) (Depths:2)
  19 hornets
  A dream sheep (shapeshifter) (Vaults:3)
  13 bog bodies
  The ghost of B1inky the Ducker, an amateur OpFi (D:3)
  54 raiju
  12 hippogriffs
  37 blink frogs
  An ice dragon zombie (Depths:1)
  94 slime creatures
  An elf zombie (Depths:3)
  11 redbacks
  3 shadows
  A tarantella (Vaults:5)
  8 water elementals
  59 starcursed masses
  2 centaur simulacra (D:15)
  12 spriggans
  A hog (shapeshifter) (D:15)
  6 wraiths
  6 ynoxinuls
  6 flying skulls
  A redback (shapeshifter) (D:15)
  8 air elementals
  A spriggan (shapeshifter) (Vaults:2)
  29 yaks
  24 small abominations
  2 vampires
  2 basilisks
  11 neqoxecs
  10 wyverns
  A steam dragon (D:9)
  4 fire elementals
  15 golden eyes
  2 hogs (Swamp:1)
  A golden eye (shapeshifter) (Vaults:3)
  Grum (D:8)
  A human (shapeshifter) (Vaults:2)
  A human simulacrum (Vaults:1)
  18 chaos spawn
  A harpy simulacrum (D:15)
  24 vampire mosquitoes
  Menkaure (D:7)
  A hungry ghost (Abyss:3)
  5 acid dragons
  9 insubstantial wisps
  12 wargs
  29 nagas
  A spatial vortex (Abyss:5)
  2 floating eyes
  16 swamp worms
  A water moccasin (shapeshifter) (Elf:2)
  7 porcupines
  20 water moccasins
  10 ice beasts
  6 sky beasts
  An eye of draining (shapeshifter) (Depths:2)
  11 swamp drakes
  An ice beast (shapeshifter) (Abyss:3)
  4 phantoms
  44 large abominations
  2 black bears
  47 orc warriors
  33 ogres
  12 eyes of draining
  19 wolves
  4 boggarts
  19 crocodiles
  17 centaurs
  Blork the orc (D:6)
  4 big kobolds
  16 bullfrogs
  4 earth elementals
  An ogre simulacrum (Vaults:1)
  A water moccasin skeleton (D:5)
  5 scorpions
  17 wights
  4 killer bees
  2 howler monkeys
  9 crimson imps
  3 centaur zombies
  3 bullfrog zombies
  2 gnoll shamans
  7 hounds
  33 orc priests
  Crazy Yiuf (D:2)
  2 jellies
  4 bullfrog skeletons
  5 iguanas
  An iguana (shapeshifter) (Depths:5)
  5 iron imps
  Jessica (D:2)
  Ijyb (D:5)
  10 worker ants
  Natasha (thrice) (D:2)
  22 orc wizards
  A worker ant (shapeshifter) (Vaults:5)
  3 polar bear simulacra (D:14)
  4 yak simulacra (D:14)
  3 wolf simulacra (D:14)
  A hound zombie (D:8)
  2 hound skeletons
  17 gnolls
  A worker ant zombie (D:11)
  12 adders
  A hound simulacrum (D:9)
  5 shadow imps
  A white imp (D:15)
  An ooze (D:3)
  5 dart slugs
  3 leopard geckos
  125 orcs
  2 ball pythons
  10 bats
  21 giant cockroaches
  5 goblins
  4 hobgoblins
  7 jackals
  3 quokkas
  3 frilled lizards
  A jackal skeleton (D:4)
  A jackal zombie (D:8)
  28 kobolds
  A quokka skeleton (D:8)
  A quokka zombie (D:7)
  5 rats
  A river rat simulacrum (D:14)
  A briar patch (Swamp:2)
  A fungus (Lair:6)
  2 lurking horrors (Abyss:3)
  A macabre mass (Abyss:5)
  19 starspawn tentacles
2582 creatures vanquished.

Vanquished Creatures (collateral kills)
  2 orbs of fire (Zot:5)
  An ancient lich (Zot:5)
  A Killer Klown (Zot:5)
  A curse toe (Zot:5)
  2 golden dragons (Zot:5)
  An electric golem (Zot:5)
  8 Orb Guardians (Zot:5)
  5 tentacled monstrosities
  3 quicksilver dragons
  3 shadow dragons
  2 death cobs (Zot:2)
  A draconian monk (Zot:2)
  A storm dragon (Zot:2)
  A ghost moth (Zot:5)
  2 nagarajas
  Roxanne (Snake:3)
  A draconian knight (Zot:5)
  2 draconian scorchers (Zot:2)
  2 draconian shifters
  3 green draconians
  2 yellow draconians
  2 purple draconians
  3 white draconians
  4 naga warriors (Snake:4)
  3 anacondas
  3 shock serpents
  7 naga sharpshooters
  2 salamander mystics (Snake:4)
  2 naga ritualists (Snake:4)
  2 mana vipers (Snake:3)
  4 moths of wrath
  7 salamanders
  4 naga magi (Snake:4)
  8 black mambas
  4 guardian serpents (Snake:4)
  11 nagas (Snake:4)
  A plant (Zot:5)
112 creatures vanquished.

Vanquished Creatures (others)
  An ancient lich (Zot:5)
  Vashnia (Snake:4)
  A curse toe (Zot:4)
  2 tentacled monstrosities
  7 Orb Guardians (Zot:5)
  A tentacled starspawn (Abyss:5)
  2 death cobs (Zot:5)
  A draconian monk (Zot:1)
  2 storm dragons
  3 nagarajas
  2 ghost moths
  A draconian shifter (Zot:1)
  2 red draconians
  2 black draconians (Zot:3)
  A purple draconian (Zot:2)
  A white draconian (Zot:1)
  2 yellow draconians
  7 naga sharpshooters
  9 naga warriors
  9 dancing weapons
  9 naga magi (Snake:4)
  3 naga ritualists
  A deep elf knight (Elf:1)
  A wretched star (Abyss:2)
  An unseen horror (Vaults:1)
  A mana viper (Snake:2)
  5 moths of wrath
  A guardian serpent (Snake:4)
  A black mamba (Snake:3)
  A spiny frog (Swamp:1)
  A starcursed mass (Abyss:5)
  A raiju (Abyss:5)
  2 slime creatures (Slime:2)
  5 dream sheep (D:7)
  A human (Swamp:1)
  A golden eye (Abyss:5)
  A large abomination (Abyss:5)
  18 nagas
  A swamp drake (Swamp:4)
  An ogre (Depths:4)
  4 small abominations
  A centaur simulacrum (Abyss:5)
  3 orcs (Vaults:4)
  7 fungi
  7 lurking horrors
  14 plants
  39 starspawn tentacles
188 creatures vanquished.

Grand Total: 2882 creatures vanquished

Notes
Turn   | Place    | Note
-------+----------+-------------------------------------------
     0 | D:1      | Lunath the Gargoyle Gladiator began the quest for the Orb.
     0 | D:1      | Reached XP level 1. HP: 12/12 MP: 1/1
   228 | D:1      | Reached XP level 2. HP: 10/17 MP: 2/2
  1319 | D:2      | Noticed Jessica
  1323 | D:2      | Killed Jessica
  1323 | D:2      | Reached XP level 3. HP: 18/21 MP: 3/3
  1358 | D:2      | Found an opulent altar of Gozag.
  1398 | D:2      | Became a worshipper of Gozag Ym Sagoz the Greedy
  1452 | D:2      | Reached XP level 4. HP: 26/26 MP: 4/4
  1649 | D:2      | Reached skill level 5 in Staves
  1662 | D:2      | Noticed Natasha
  1665 | D:2      | Killed Natasha
  1749 | D:2      | Noticed Natasha
  1766 | D:2      | Killed Natasha
  1766 | D:2      | Reached XP level 5. HP: 25/30 MP: 5/5
  1811 | D:2      | Noticed Natasha
  1813 | D:2      | Killed Natasha
  1842 | D:2      | Found a runed door.
  1989 | D:2      | Noticed Crazy Yiuf
  1994 | D:2      | Killed Crazy Yiuf
  2174 | D:3      | Reached XP level 6. HP: 33/35 MP: 6/6
  2255 | D:3      | Noticed B1inky's ghost (amateur OpFi)
  2291 | D:3      | Killed B1inky's ghost
  2387 | D:3      | Reached XP level 7. HP: 38/40 MP: 7/7
  2484 | D:3      | Found a faded altar of an unknown god.
  2865 | D:4      | Found a hazy altar of Hepliaklqana.
  3225 | D:5      | Entered Level 5 of the Dungeon
  3450 | D:5      | Found an opulent altar of Gozag.
  3494 | D:5      | Noticed Ijyb
  3498 | D:5      | Killed Ijyb
  3682 | D:5      | Reached XP level 8. HP: 41/44 MP: 8/8
  3822 | D:5      | Found a shimmering altar of Xom.
  4237 | D:5      | Reached skill level 10 in Staves
  4752 | D:6      | Noticed Blork the orc
  4773 | D:6      | Killed Blork the orc
  4848 | D:6      | Found a blossoming altar of Fedhas.
  4848 | D:6      | Found a bloodstained altar of Trog.
  5013 | D:6      | Found a staircase to the Ecumenical Temple.
  5093 | D:7      | Found Xisuqomi's Gadget Boutique.
  5145 | D:6      | Gained mutation: Your magical capacity is low. (-10% MP) [potion of mutation]
  5145 | D:6      | Gained mutation: You are partially covered in molten scales. (AC +2) [potion of mutation]
  5218 | D:6      | Bought a twisted quarterstaff for 261 gold pieces
  5218 | D:6      | Identified the cursed +2 quarterstaff of the Blessed Realm {venom, *Contam rElec rPois MR+++} (You bought it in a shop on level 6 of the Dungeon)
  5226 | D:7      | Reached XP level 9. HP: 48/48 MP: 8/8
  5266 | D:7      | Found an ancient bone altar of Kikubaaqudgha.
  5518 | D:7      | Noticed Menkaure
  5526 | D:7      | Killed Menkaure
  5677 | D:7      | Found a shimmering altar of Xom.
  6057 | D:7      | Lost mutation: You are partially covered in molten scales. (AC +2) [potion of mutation]
  6057 | D:7      | Lost mutation: Your magical capacity is low. (-10% MP) [potion of mutation]
  6057 | D:7      | Gained mutation: You have large cloven feet. [potion of mutation]
  6057 | D:7      | Gained mutation: You have a beak for a mouth. [potion of mutation]
  6363 | D:8      | Got a warped silver amulet
  6364 | D:8      | Identified the amulet "Xamegod" {Spirit rC+ Str+3} (You found it on level 8 of the Dungeon)
  6465 | D:8      | Noticed Maurice
  6474 | D:8      | Killed Maurice
  6692 | D:8      | Noticed Joseph
  6709 | D:8      | Killed Joseph
  6709 | D:8      | Reached XP level 10. HP: 33/53 MP: 6/10
  6713 | D:8      | Noticed Grum
  6732 | D:8      | Killed Grum
  7288 | D:9      | Reached skill level 1 in Armour
  7403 | D:9      | Noticed Erica
  7415 | D:9      | Killed Erica
  7810 | D:9      | Reached skill level 5 in Armour
  7895 | D:9      | Reached XP level 11. HP: 59/62 MP: 9/11
  7899 | D:9      | Found a shimmering altar of Xom.
  7916 | D:9      | Reached skill level 5 in Fighting
  8147 | D:9      | Found a sacrificial altar of Ru.
  8149 | D:9      | Found a white marble altar of Elyvilon.
  8567 | D:10     | Entered Level 10 of the Dungeon
  8598 | D:10     | Noticed Sonja
  8614 | D:10     | Killed Sonja
  8682 | D:10     | Lost mutation: You have large cloven feet. [potion of mutation]
  8682 | D:10     | Gained mutation: You have an increased reservoir of magic. (+10% MP) [potion of mutation]
  8682 | D:10     | Gained mutation: You have a pair of small antennae on your head. [potion of mutation]
  8682 | D:10     | Gained mutation: Your mind is acute. (Int +2) [potion of mutation]
  8797 | D:10     | Found a burning altar of Makhleb.
  8799 | D:10     | Noticed a cacodemon
  8964 | D:10     | Noticed a two-headed ogre
  8971 | D:10     | Killed a two-headed ogre
  9101 | D:10     | Noticed Harold
  9117 | D:10     | Killed Harold
  9464 | D:11     | Found a staircase to the Lair.
  9492 | D:11     | Reached skill level 5 in Dodging
  9722 | D:11     | Noticed Gastronok
  9743 | D:11     | Killed Gastronok
  9854 | D:11     | Noticed an unseen horror
  9860 | D:11     | Killed an unseen horror
  9860 | D:11     | Reached XP level 12. HP: 63/72 MP: 10/13
  9950 | D:11     | Noticed Erolcha
  9960 | D:11     | Killed Erolcha
  9989 | D:11     | Noticed Snorg
 10007 | D:11     | Killed Snorg
 10469 | D:11     | Found a roughly hewn altar of Beogh.
 10548 | D:11     | Found a staircase to the Orcish Mines.
 10638 | Lair:1   | Entered Level 1 of the Lair of Beasts
 10669 | Lair:1   | Reached skill level 10 in Armour
 10797 | Lair:1   | Lost mutation: Your mind is acute. (Int +2) [potion of mutation]
 10797 | Lair:1   | Lost mutation: You have a pair of small antennae on your head. [potion of mutation]
 10797 | Lair:1   | Gained mutation: You have a pair of small horns on your head. [potion of mutation]
 10797 | Lair:1   | Gained mutation: You have a pair of horns on your head. [potion of mutation]
 10797 | Lair:1   | Gained mutation: Your large and strong wings let you fly indefinitely. [potion of mutation]
 11490 | Lair:2   | Found a staircase to the Snake Pit.
 11553 | Lair:2   | Found a staircase to the Swamp.
 12883 | Lair:2   | Reached XP level 13. HP: 57/80 MP: 11/14
 14248 | Lair:4   | Reached skill level 1 in Evocations
 15146 | Lair:5   | Reached skill level 10 in Fighting
 15195 | Lair:5   | Lost mutation: You have a pair of horns on your head. [potion of mutation]
 15195 | Lair:5   | Lost mutation: You have a pair of small horns on your head. [potion of mutation]
 15195 | Lair:5   | Lost mutation: You have a beak for a mouth. [potion of mutation]
 15195 | Lair:5   | Gained mutation: [Scrolls take you a little longer to read.] [potion of mutation]
 15195 | Lair:5   | Gained mutation: You have large cloven feet. [potion of mutation]
 15195 | Lair:5   | Gained mutation: You are robust. (+10% HP) [potion of mutation]
 16119 | Lair:6   | Entered Level 6 of the Lair of Beasts
 16389 | Lair:6   | Mutation became permanent: Your large and strong wings let you fly indefinitely. [Gargoyle growth]
 16389 | Lair:6   | Gained mutation: Your large and strong wings let you fly indefinitely. [Gargoyle growth]
 16389 | Lair:6   | Reached XP level 14. HP: 90/96 MP: 18/18
 16458 | Lair:6   | Found a viscous altar of Jiyva.
 16458 | Lair:6   | Found a staircase to the Slime Pits.
 17335 | Lair:6   | Reached skill level 5 in Evocations
 17738 | Orc:1    | Entered Level 1 of the Orcish Mines
 17857 | Orc:2    | Entered Level 2 of the Orcish Mines
 18301 | Orc:2    | Found a staircase to the Elven Halls.
 20340 | Orc:2    | Found Wicommor's Armour Shoppe.
 20343 | Orc:2    | Found Vusmuh's Distillery.
 20344 | Orc:2    | Found Odiumum's Armour Shoppe.
 20345 | Orc:2    | Found Fefadase's Gadget Emporium.
 21150 | D:13     | Learned a level 1 spell: Flame Tongue
 21158 | D:13     | Noticed a fire giant
 21428 | D:13     | Reached skill level 1 in Fire Magic
 21494 | D:13     | Reached skill level 1 in Conjurations
 21519 | D:13     | Reached XP level 15. HP: 91/105 MP: 18/21
 22643 | D:14     | Found a gate to the Vaults.
 23100 | D:15     | Entered Level 15 of the Dungeon
 23110 | D:15     | Reached skill level 10 in Dodging
 23271 | D:15     | Reached skill level 5 in Conjurations
 23688 | D:15     | Reached skill level 15 in Armour
 24242 | D:15     | Reached skill level 5 in Fire Magic
 24242 | D:15     | Reached XP level 16. HP: 47/114 MP: 14/22
 24468 | D:15     | Found a staircase to the Depths.
 24553 | D:15     | Found a shattered altar of Ashenzari.
 25629 | Snake:1  | Entered Level 1 of the Snake Pit
 26192 | Snake:1  | Found Lasick's Food Boutique.
 28287 | Snake:3  | Noticed a nagaraja
 28300 | Snake:3  | Killed a nagaraja
 28310 | Snake:3  | Noticed Vashnia
 28401 | Snake:3  | Noticed a nagaraja
 28558 | Snake:3  | Noticed a nagaraja
 28573 | Snake:3  | Killed a nagaraja
 28573 | Snake:3  | Reached XP level 17. HP: 72/122 MP: 16/23
 28815 | Snake:3  | Noticed Roxanne
 28833 | Snake:3  | Killed Roxanne
 28836 | Snake:3  | Identified Roxanne's Reference Book on Earth (You took it off Roxanne on level 3 of the Snake Pit)
 29188 | Snake:4  | Entered Level 4 of the Snake Pit
 30086 | Snake:3  | Noticed Agnes
 30102 | Snake:3  | Killed Agnes
 30297 | Snake:4  | Reached skill level 15 in Fighting
 30330 | Snake:4  | Your ally died
 30748 | Snake:4  | Got a serpentine rune of Zot
 31372 | Swamp:1  | Entered Level 1 of the Swamp
 31419 | Swamp:1  | Noticed Kirke
 31437 | Swamp:1  | Noticed a sphinx
 31441 | Swamp:1  | Killed Kirke
 31979 | Swamp:1  | Got a pitted platinum ring
 31981 | Swamp:1  | Identified the ring "Diduneeh" {*Drain +Inv MP+9 Str+8 Slay+6} (You found it on level 1 of the Swamp)
 32522 | Swamp:2  | Reached XP level 18. HP: 123/130 MP: 25/25
 34059 | Swamp:4  | Entered Level 4 of the Swamp
 34198 | Swamp:4  | Noticed the 27-headed Lernaean hydra
 35378 | Swamp:3  | Killed the 26-headed Lernaean hydra
 35573 | Swamp:4  | Got a decaying rune of Zot
 36173 | Vaults:1 | Entered Level 1 of the Vaults
 36463 | Vaults:1 | Paralysed by a sphinx for 6 turns
 36735 | Vaults:1 | Reached XP level 19. HP: 139/139 MP: 27/27
 36810 | Vaults:1 | Found Gaiphar's Magic Scroll Boutique.
 36818 | Vaults:1 | Bought a scroll of enchant armour for 165 gold pieces
 36818 | Vaults:1 | Bought a scroll of enchant armour for 165 gold pieces
 36818 | Vaults:1 | Bought a scroll of teleportation for 66 gold pieces
 36852 | Vaults:1 | Got a glittering sapphire amulet
 37083 | Vaults:1 | Noticed Asterion
 37104 | Vaults:1 | Killed Asterion
 37600 | Vaults:1 | Paralysed by a Zot trap for 4 turns
 38047 | Vaults:2 | Paralysed by an ogre mage for 2 turns
 38085 | Vaults:2 | Identified the amulet "Kiesuica" {rElec rPois rN+ Regen+} (You found it on level 1 of the Vaults)
 38111 | Vaults:2 | Found Jompui's General Store.
 38311 | Vaults:2 | Cast into level 2 of the Abyss (a deep elf sorcerer)
 38454 | Vaults:2 | Escaped the Abyss
 39413 | Vaults:3 | Reached skill level 10 in Evocations
 39454 | Vaults:3 | Reached XP level 20. HP: 147/147 MP: 30/30
 39668 | Vaults:3 | Found a staircase to the Crypt.
 40237 | Vaults:4 | Got a shimmering cloak
 40248 | Vaults:4 | Identified the +2 cloak "Wihur" {rPois rF- MR+} (You found it on level 4 of the Vaults)
 40799 | Vaults:4 | Noticed Saint Roka
 40818 | Vaults:4 | Killed Saint Roka
 41159 | Vaults:4 | Reached XP level 21. HP: 155/155 MP: 32/32
 41364 | Vaults:5 | Entered Level 5 of the Vaults
 41541 | Vaults:4 | Reached XP level 22. HP: 103/161 MP: 11/34
 41948 | Vaults:5 | Noticed a golden dragon
 41966 | Vaults:5 | Killed a golden dragon
 42028 | Vaults:5 | Noticed a golden dragon
 42047 | Vaults:5 | Killed a golden dragon
 42185 | Vaults:5 | Reached skill level 15 in Dodging
 42412 | Vaults:5 | Got a silver rune of Zot
 42739 | Vaults:5 | Noticed a golden dragon
 42740 | Vaults:5 | Reached XP level 23. HP: 170/170 MP: 36/36
 42754 | Vaults:5 | Noticed a golden dragon
 42764 | Vaults:5 | Killed a golden dragon
 42773 | Vaults:5 | Killed a golden dragon
 42816 | Vaults:5 | Got an iridescent quarterstaff
 42819 | Vaults:5 | Identified the +5 quarterstaff "Cosud" {venom, rElec rPois rC+ MR-} (You found it on level 5 of the Vaults)
 42851 | Vaults:5 | Got a brightly glowing tin ring
 42854 | Vaults:5 | Identified the ring of Xom's Righteous Anger {rN+ Str+4} (You found it on level 5 of the Vaults)
 43724 | Depths:1 | Entered Level 1 of the Depths
 44376 | Depths:1 | Found a gateway to Hell.
 44380 | Depths:1 | Found a portal to a secret trove of treasure.
 44607 | Depths:1 | Found Tyckat's Armour Shop.
 44610 | Depths:1 | Bought the +2 cloak "Daot" {rC+ Str+3 Int+3 Dex+3} for 1042 gold pieces
 44874 | Depths:2 | Noticed a caustic shrike
 44890 | Depths:2 | Noticed a juggernaut
 44892 | Depths:2 | Killed a caustic shrike
 44940 | Depths:2 | Killed a juggernaut
 45010 | Depths:2 | Paralysed by a floating eye for 3 turns
 45022 | Depths:2 | Paralysed by a floating eye for 3 turns
 45031 | Depths:2 | Paralysed by a floating eye for 2 turns
 45039 | Depths:2 | Paralysed by a floating eye for 3 turns
 45052 | Depths:2 | Paralysed by a floating eye for 4 turns
 45402 | Depths:2 | Reached XP level 24. HP: 179/179 MP: 36/36
 45442 | Depths:2 | Got a clouded jade ring
 45447 | Depths:2 | Identified the ring of Qyppufur {*Corrode rN++ MR+} (You found it on level 2 of the Depths)
 45775 | Depths:2 | Found a one-way gate leading to the halls of Pandemonium.
 46083 | Depths:3 | Got a sparkling amber ring
 46086 | Depths:3 | Identified the ring of Serendipity {rF+ Int+5 Dex+6} (You found it on level 3 of the Depths)
 46186 | Depths:3 | Found a one-way gate to the infinite horrors of the Abyss.
 46481 | Depths:3 | Paralysed by something for 6 turns
 46799 | Depths:3 | Noticed a caustic shrike
 46800 | Depths:3 | Noticed a caustic shrike
 46800 | Depths:3 | Noticed a caustic shrike
 46800 | Depths:3 | Noticed a juggernaut
 46808 | Depths:3 | Killed a caustic shrike
 46834 | Depths:3 | Killed a caustic shrike
 46835 | Depths:3 | Cast into level 4 of the Abyss (a lich)
 46835 | Abyss:4  | Found a corrupted altar of Lugonu.
 46835 | Abyss:4  | Found a corrupted altar of Lugonu.
 46842 | Abyss:4  | Found a corrupted altar of Lugonu.
 46879 | Abyss:4  | Found a corrupted altar of Lugonu.
 47178 | Abyss:5  | Entered Level 5 of the Abyss
 47251 | Abyss:5  | Reached XP level 25. HP: 173/188 MP: 36/36
 47874 | Abyss:5  | Found a corrupted altar of Lugonu.
 47885 | Abyss:5  | Paralysed by accursed screaming for 1 turns
 47889 | Abyss:5  | Paralysed by accursed screaming for 1 turns
 47957 | Abyss:5  | Found a corrupted altar of Lugonu.
 48097 | Abyss:5  | Found a corrupted altar of Lugonu.
 48180 | Abyss:5  | Paralysed by accursed screaming for 1 turns
 48184 | Abyss:5  | Paralysed by accursed screaming for 1 turns
 48188 | Abyss:5  | Paralysed by accursed screaming for 1 turns
 48192 | Abyss:5  | Gained mutation: You are clumsy. (Dex -2) [a neqoxec]
 48219 | Depths:3 | Escaped the Abyss
 48249 | Depths:3 | Killed a juggernaut
 48489 | Depths:3 | Paralysed by a floating eye for 3 turns
 48496 | Depths:3 | Paralysed by a floating eye for 3 turns
 48511 | Depths:3 | Paralysed by a floating eye for 3 turns
 48665 | Depths:3 | Noticed Frederick
 48684 | Depths:3 | Killed Frederick
 48873 | Depths:4 | Noticed Sojobo
 48874 | Depths:4 | Reached XP level 26. HP: 198/198 MP: 36/36
 48938 | Depths:4 | Killed Sojobo
 49544 | Depths:4 | Found a gateway to a ziggurat.
 49782 | Depths:4 | Identified the Incunabulum of Flying Evil
 49979 | Depths:5 | Entered Level 5 of the Depths
 50190 | Depths:5 | Found a gate to the Realm of Zot.
 50507 | Depths:5 | Got an encrusted chain mail
 50510 | Depths:5 | Identified the +8 chain mail "Xupruf" {MR+} (You found it on level 5 of the Depths)
 50513 | Depths:5 | Got a scintillating copper amulet
 50668 | Depths:5 | Found Gogug's Jewellery Shoppe.
 50668 | Depths:5 | Found Halir Pig's Gadget Boutique.
 50669 | Depths:5 | Found Ripefy's Jewellery Shoppe.
 50764 | Zot:1    | Entered Level 1 of the Realm of Zot
 50836 | Zot:1    | Noticed an orb of fire
 50836 | Zot:1    | Noticed an orb of fire
 52423 | Zot:2    | Gained mutation: [Your body sometimes deteriorates upon taking damage.] [an orb of fire]
 52431 | Zot:2    | Reached XP level 27. HP: 201/206 MP: 36/36
 52436 | Zot:2    | Gained mutation: [Scrolls take you longer to read.] [an orb of fire]
 52442 | Zot:2    | Killed an orb of fire
 54344 | Zot:4    | Identified the amulet "Pipugota" {Reflect rC+ Int+4 SH+3} (You found it on level 5 of the Depths)
 54393 | Zot:5    | Entered Level 5 of the Realm of Zot
 54693 | Zot:5    | Noticed an ancient lich
 54705 | Zot:5    | Noticed an orb of fire
 54706 | Zot:5    | Noticed an orb of fire
 54711 | Zot:5    | Noticed an ancient lich
 54713 | Zot:5    | Killed an orb of fire
 54714 | Zot:5    | Noticed an ancient lich
 54727 | Zot:5    | Killed an ancient lich
 54736 | Zot:5    | Killed an ancient lich
 54741 | Zot:5    | Killed an orb of fire
 54945 | Zot:5    | Noticed an orb of fire
 55133 | Zot:5    | Noticed an ancient lich
 55456 | Depths:5 | Bought an uncursed ring of resist corrosion for 520 gold pieces
 55892 | Slime:1  | Entered Level 1 of the Pits of Slime
 56576 | Slime:2  | Lost mutation: You are robust. (+10% HP) [a shining eye]
 56688 | Slime:2  | Gained mutation: You expend magic power (3 MP) to strengthen your wands. [a shining eye]
 56691 | Slime:2  | Gained mutation: You tend to lose your temper in combat. [a shining eye]
 57009 | Snake:4  | Lost mutation: [Scrolls take you longer to read.] [potion of mutation]
 57009 | Snake:4  | Lost mutation: You have an increased reservoir of magic. (+10% MP) [potion of mutation]
 57009 | Snake:4  | Lost mutation: [Scrolls take you a little longer to read.] [potion of mutation]
 57009 | Snake:4  | Lost mutation: [Your body sometimes deteriorates upon taking damage.] [potion of mutation]
 57009 | Snake:4  | Lost mutation: You expend magic power (3 MP) to strengthen your wands. [potion of mutation]
 57009 | Snake:4  | Lost mutation: You have large cloven feet. [potion of mutation]
 57009 | Snake:4  | Gained mutation: You often lose your temper in combat. [potion of mutation]
 57009 | Snake:4  | Lost mutation: You are clumsy. (Dex -2) [potion of mutation]
 57617 | Slime:3  | Lost mutation: You often lose your temper in combat. [a shining eye]
 57618 | Slime:3  | Gained mutation: You are clumsy. (Dex -2) [a shining eye]
 57621 | Slime:3  | Gained mutation: [Your spells are a little easier to cast, but a little less powerful.] [a shining eye]
 57621 | Slime:3  | Gained mutation: Armour fits poorly on your strangely shaped body. [a shining eye]
 57625 | Slime:3  | Gained mutation: You are frail. (-10% HP) [a shining eye]
 57635 | Slime:3  | Gained mutation: You often lose your temper in combat. [a shining eye]
 58326 | Slime:4  | Paralysed by a great orb of eyes for 6 turns
 58343 | Slime:4  | Paralysed by a great orb of eyes for 4 turns
 59638 | Slime:5  | Entered Level 5 of the Pits of Slime
 59760 | Slime:5  | Noticed the Royal Jelly
 59761 | Slime:5  | Found a viscous altar of Jiyva.
 59943 | Slime:5  | Killed the Royal Jelly
 60026 | Slime:5  | Got a flickering tin ring
 60027 | Slime:5  | Identified the ring of Icvobazu {*Tele rN+ Str+7 Slay-4 Stlth+} (You found it on level 5 of the Pits of Slime)
 60114 | Slime:5  | Identified Xaresui's Almanac of Flamy Displacement
 60155 | Slime:5  | Got a slimy rune of Zot
 60164 | Slime:5  | Got a vibrating lead ring
 60165 | Slime:5  | Identified the ring "Duefutur" {*Corrode rElec Str+6 Int+3} (You found it on level 5 of the Pits of Slime)
 60958 | Vaults:4 | Lost mutation: You often lose your temper in combat. [potion of mutation]
 60958 | Vaults:4 | Lost mutation: You tend to lose your temper in combat. [potion of mutation]
 60958 | Vaults:4 | Gained mutation: You have very sharp teeth. [potion of mutation]
 60958 | Vaults:4 | Gained mutation: You are partially covered in icy blue scales. (AC +2) [potion of mutation]
 61314 | Orc:2    | Bought a potion of mutation for 112 gold pieces
 61314 | Orc:2    | Lost mutation: You are frail. (-10% HP) [potion of mutation]
 61314 | Orc:2    | Lost mutation: You are clumsy. (Dex -2) [potion of mutation]
 61314 | Orc:2    | Lost mutation: [Your spells are a little easier to cast, but a little less powerful.] [potion of mutation]
 61314 | Orc:2    | Gained mutation: You are mostly covered in icy blue scales. (AC +3) [potion of mutation]
 61407 | Elf:1    | Entered Level 1 of the Elven Halls
 61558 | Elf:1    | Found Iseufem's Armour Boutique.
 61586 | Elf:1    | Bought a +2 pair of boots of stealth for 322 gold pieces
 62110 | Elf:1    | Identified the Collected Works on Combat Magic and Summoning
 62270 | Elf:2    | Cast into level 2 of the Abyss (a deep elf demonologist)
 62558 | Abyss:3  | Found a corrupted altar of Lugonu.
 62559 | Abyss:3  | Found a corrupted altar of Lugonu.
 62692 | Abyss:3  | Paralysed by accursed screaming for 2 turns
 62704 | Abyss:3  | Paralysed by accursed screaming for 1 turns
 62818 | Abyss:3  | Paralysed by accursed screaming for 1 turns
 62988 | Abyss:3  | Paralysed by accursed screaming for 2 turns
 63009 | Abyss:3  | Paralysed by accursed screaming for 1 turns
 63036 | Abyss:3  | Paralysed by accursed screaming for 1 turns
 63057 | Abyss:3  | Gained mutation: Your magical capacity is low. (-10% MP) [a shining eye]
 63059 | Abyss:3  | Gained mutation: You are frail. (-10% HP) [a shining eye]
 63458 | Abyss:3  | Paralysed by accursed screaming for 1 turns
 63476 | Abyss:3  | Paralysed by accursed screaming for 1 turns
 63488 | Abyss:3  | Killed from afar by a starcursed mass

Vault maps used:
D:1:      mrwooster_arrival_statue_3, serial_co_window_serial,
          co_window_corner_a, co_window_paths_a, co_window_paths_b,
          co_window_of_opportunity_a, co_window_paths_a, co_window_2corner,
          co_window_of_opportunity_c, co_window_2corner, co_window_broadway_c,
          co_window_corner_cb, co_window_4corner_b, glass_columns_c
D:2:      lemuel_doored_altar, uniq_jessica, uniq_crazy_yiuf_cottage,
          uniq_natasha
D:3:      minmay_roachtagon, chequers_ecumenical_altar_twisty
D:4:      kennysheep_mini, first_bread, grunt_decor_fettered, st_stairs_13
D:5:      basic_altar, grunt_gozag_statues, uniq_ijyb
D:6:      amethyst_overflow_temple_binary, minmay_temple_entry_nine_rooms,
          hangedman_abyss_or_decor_passed, uniq_blork_the_orc
D:7:      kennysheep_little_box, kb_xom_exploding_sheep, serial_shops,
          shop_fountains, grunt_ogre_cave, uniq_menkaure
D:8:      uniq_joseph, uniq_maurice, uniq_grum
D:9:      minmay_quarter_circles, minitemple, minmay_guarded_unrand_variability,
          uniq_erica
D:10:     serial_corexii_hall, corexii_hall_statues_i, corexii_hall_statues_l,
          kennysheep_cross_bottleneck, makhleb_altar_promises_db, uniq_harold,
          uniq_sonja
D:11:     erik_lair_orcish_takeover, david_orc_5, st_stairs_7, uniq_snorg,
          uniq_gastronok, uniq_erolcha
D:13:     nrook_loot_triangle, minivault_25, onia_ninara_dug_in_and_dangerous
D:14:     david_vaults_5, kennysheep_nondescript, eino_house_with_fridge
D:15:     gammafunk_enter_depths_forms, evilmike_ruin_ashenzari, serial_ice,
          serial_ice_g, serial_ice_b, serial_ice_k, serial_ice_n
Lair:1:   beast_lair_carwin_4, grunt_megastairs_5, infiniplex_staircase_pool_2
Lair:2:   minmay_swamp_entry_worms, minmay_snake_entry_guardpost_small,
          grunt_megastairs_4
Lair:3:   serial_bayou_ford_a, lemuel_fruit_fields, grunt_megastairs_3,
          minmay_lair_oklob_chamber, lemuel_fruit_tree
Lair:4:   serial_bayou_shore_a
Lair:5:   wad_woods_04, st_stairs_13, minivault_25, minmay_holes
Lair:6:   hangedman_lair_tendril_chambers, dpeg_slime_entry_enclosed_altar
Swamp:1:  hangedman_swamp_blocks, swamp_pool2, uniq_kirke
Swamp:2:  evilmike_swamp_ruin_house_5, swamp_pool3,
          cheibrodos_swamp_pet_leeches, infiniplex_staircase_pool
Swamp:3:  hangedman_swamp_ruin_hall
Swamp:4:  swamp_alternative, swamp_pool1
Snake:1:  serial_shops, nicolae_shop_waterfront
Snake:3:  grunt_megastairs_2, uniq_vashnia, uniq_agnes, uniq_roxanne
Snake:4:  snake_pit, spider_trap
Orc:2:    st_orc_pillars
Elf:1:    serial_shops, shop, minmay_elf_sorcery
Vaults:1: v_misc_24, v_alt_pattern_1, ontoclasm_vaults_claustrophobia,
          vaults_mumra_lcd, hangedman_vaults_impose,
          nicolae_vaults_angled_halls, v_pattern_1, st_spiral_rooms,
          vaults_room_corners, nicolae_vaults_what_the_h, vaults_room_fours,
          serial_shops, nicolae_shop_competitors_out_of_business, uniq_asterion
Vaults:2: grunt_vaults_diagonal, nicolae_vaults_alarming,
          hangedman_vaults_snaps, nicolae_vaults_little_squares_5,
          ontoclasm_vaults_hangar, st_hourglassy, vaults_room_mumra_shop_pool,
          v_misc_19, hangedman_vaults_nails, vaults_room_grid,
          nicolae_vaults_asterisk
Vaults:3: minmay_crypt_entry_simple_corners, vaults_dpeg_cross,
          dpeg_vaults_monster_box, nicolae_vaults_stairing_the_circle,
          grunt_vaults_funnel, grunt_vaults_focal,
          nicolae_vaults_little_squares_3, v_alt_pattern_6,
          vaults_room_semicircle, nicolae_vaults_circle_grid_a
Vaults:4: grunt_vaults_swirl, grunt_vaults_hallway_long,
          nicolae_vaults_angled_halls, v_misc_8, ontoclasm_vaults_fault,
          v_misc_4, v_misc_1, ontoclasm_vaults_gateway, vaults_room_semicircle,
          uniq_saint_roka
Depths:1: grunt_bruiser_brothers, serial_shops, nicolae_shop_behind_doors,
          nicolae_trove_entry_columns, hell_entry, spider_trap,
          serial_bayou_lagoon_b
Depths:2: minmay_the_grid_square_5x5_4x4_mashed, rand_demon_pan_entry_3,
          hell_entry, minmay_misc_feat_hallway
Depths:3: grunt_runaround, hell_entry, pan_entry, abyss_entry, uniq_frederick
Depths:4: cheibrodos_lost_city_excavation, enter_ziggurat_f,
          grunt_hell_entry_dis_grunt, serial_sigils_hangedman_confine,
          minmay_room_of_horrors, kennysheep_generic_room_11, uniq_sojobo
Depths:5: grunt_zot_entry_tricorne, minmay_misc_feat_rows, lightli_too_deep,
          minmay_shop_grove
Zot:1:    lemuel_lake_of_fire
Zot:2:    kennysheep_six_static_rooms
Zot:5:    nicolae_zot_crop_circle
Abyss:2:  minivault_1
Abyss:3:  hangedman_decor_lopped, hangedman_shadowy_showcase,
          evilmike_abyss_rune_ettins, hangedman_stitches_earthworm
Abyss:4:  evilmike_abyss_rune_siren_acolytes, minivault_28
Abyss:5:  evilmike_abyss_exit_3, hangedman_abyss_rune_macabre_mess

Skill      XL: |  1  2  3  4  5  6  7  8  9 10 11 12 13 14 15 16 17 18 19 20 21 22 23 24 25 26 27 |
---------------+----------------------------------------------------------------------------------+-----
Staves         | 4 5 6 7 9 11 13 14 | 14.3
Armour         | 5 9 11 13 14 15 16 17 18 19 20 21 22 23 24 26 | 26.8
Fighting       | 4 7 8 10 12 13 14 15 16 17 18 19 20 21 22 23 26 | 26.0
Dodging        | 3 5 7 8 9 10 11 12 13 14 15 16 17 18 19 21 | 21.2
Evocations     | 3 6 8 10 11 12 13 | 13.3
Fire Magic     | 1 5 7 |  7.5
Conjurations   | 1 6 8 |  8.2
Throwing       | |  1.7

Action                   |  1- 3 |  4- 6 |  7- 9 | 10-12 | 13-15 | 16-18 | 19-21 | 22-24 | 25-27 || total
-------------------------+-------+-------+-------+-------+-------+-------+-------+-------+-------++-------
Melee: Quarterstaff      |    80 |   193 |   454 |   696 |  2214 |  1215 |       |       |       ||  4852
       Kick              |       |       |    34 |    90 |       |       |       |       |       ||   124
       Peck              |       |       |    18 |   190 |    38 |       |       |       |       ||   246
       Headbutt          |       |       |       |    60 |    37 |       |       |       |       ||    97
       Lajatang          |       |       |       |       |       |   853 |  1112 |  1826 |  3366 ||  7157
       Bite              |       |       |       |       |       |       |       |       |   159 ||   159
Invok: Potion Petition   |       |     1 |     1 |       |     1 |     4 |     1 |     1 |     7 ||    16
       Call Merchant     |       |       |     1 |       |     1 |       |       |     1 |       ||     3
       Bribe Branch      |       |       |       |       |       |     1 |       |       |     4 ||     5
 Abil: Fly               |       |       |       |     1 |       |       |       |     1 |       ||     2
       Stop Flying       |       |       |       |       |       |     1 |       |       |       ||     1
       Evoke Invisibilit |       |       |       |       |       |       |       |       |     1 ||     1
Evoke: Wand              |       |       |     2 |     2 |    11 |    11 |       |     1 |       ||    27
  Use: Scroll            |       |       |    23 |    11 |     6 |    16 |     9 |    12 |    19 ||    96
       Potion            |       |       |     3 |     2 |     1 |     4 |     4 |       |    17 ||    31
 Stab: Distracted        |       |       |     1 |     8 |     8 |     9 |     7 |    20 |    37 ||    90
       Confused          |       |       |       |       |       |     2 |       |       |     1 ||     3
       Sleeping          |       |       |       |       |       |       |       |     1 |       ||     1
       Invisible         |       |       |       |       |       |       |       |       |    13 ||    13
  Eat: Chunk             |     2 |       |       |       |       |       |       |       |       ||     2
       Bread ration      |       |     1 |     2 |     4 |     8 |    10 |     1 |     7 |     7 ||    40
       Fruit             |       |       |     5 |       |     1 |    11 |       |       |       ||    17
       Royal jelly       |       |       |       |     1 |       |       |       |       |       ||     1
       Meat ration       |       |       |       |       |     1 |       |     1 |       |     5 ||     7
Armor: Leather armour    |    28 |       |       |       |       |       |       |       |       ||    28
       Ring mail         |    13 |       |       |       |       |       |       |       |       ||    13
       Chain mail        |       |   183 |   181 |       |       |       |       |       |       ||   364
       Plate armour      |       |       |    36 |   344 |  1091 |  1876 |   771 |  1394 |  1886 ||  7398
Dodge: Dodged            |    60 |   108 |   170 |   263 |   890 |  1491 |   861 |  1729 |  3728 ||  9300
Block: Other             |       |       |       |       |       |       |       |       |   187 ||   187
       Reflection        |       |       |       |       |       |       |       |       |     5 ||     5
